 Dungeon Crawl Stone Soup version 0.18-a0-1180-g64ccc1e (webtiles) character file.

1414 inmateoo the Slasher (level 8, -2/56 HPs)
             Began as a High Elf Fighter on Jan 27, 2016.
             Was a Believer of Makhleb.
             Slain by an iron imp (6 damage)
             ... summoned by Eustachio
             ... on level 5 of the Dungeon.
             The game lasted 00:07:06 (4341 turns).

inmateoo the Slasher (High Elf Fighter)             Turns: 4341, Time: 00:07:07

Health: -2/56      AC: 15    Str: 17    XL:     8   Next: 43%
Magic:  11/11      EV:  2    Int:  9    God:    Makhleb [**....]
Gold:   252        SH:  8    Dex: 14    Spells: 0 memorised, 7 levels left

rFire  + . .     SeeInvis .     a - +0 long sword
rCold  . . .     Gourm    .     r - +0 plate armour
rNeg   . . .     Faith    .     c - +0 shield
rPois  +         Spirit   .     (no helmet)
rElec  .         Dismiss  .     (no cloak)
rCorr  .         Reflect  .     (no gloves)
SustAt .         Harm     .     p - +2 pair of boots
MR     .....                    (no amulet)
Stlth  ..........               e - ring of protection from fire
                                i - ring of poison resistance

@: heavily drained, not resistant to hostile enchantments, extremely unstealthy
A: thin metallic scales 1, dopey 2
a: Minor Destruction, Renounce Religion


You were on level 5 of the Dungeon.
You worshipped Makhleb.
Makhleb was pleased with you.
You were very hungry.

You visited 1 branch of the dungeon, and saw 5 of its levels.

You collected 252 gold pieces.

Inventory:

Hand Weapons
 a - a +0 long sword (weapon)
Armour
 c - a +0 shield (worn)
 p - a +2 pair of boots (worn)
 r - a +0 plate armour (worn)
Jewellery
 e - a ring of protection from fire (right hand)
 i - a ring of poison resistance (left hand)
 l - an uncursed ring of positive energy
 m - an uncursed ring of sustain attributes {unknown}
 n - an uncursed amulet of magic regeneration {unknown}
 q - an uncursed ring of resist corrosion
 u - an uncursed ring of see invisible
Wands
 b - a wand of heal wounds (4/9)
 d - a wand of paralysis (3/24)
Scrolls
 s - a scroll of immolation
 y - a scroll of identify
 z - 2 scrolls of teleportation
 A - a scroll of recharging
 B - a scroll of remove curse
 C - a scroll of amnesia
Potions
 g - a potion of ambrosia
 h - a potion of flight
 j - 2 potions of haste
 k - a potion of beneficial mutation
 x - a potion of curing
Comestibles
 f - 7 bread rations
 o - a royal jelly
 t - a beef jerky
 v - 6 fruits
 w - a meat ration


   Skills:
 + Level 5.4(2.6) Fighting
 * Level 7.9(5.0) Long Blades
 + Level 4.6(1.9) Armour
 + Level 4.8(2.1) Shields
 + Level 2.8(0.3) Evocations


You had 7 spell levels left.
You didn't know any spells.

Dungeon Overview and Level Annotations

Branches:
Dungeon (5/15)             Temple (0/1) D:4

Altars:
Ashenzari
Elyvilon
Makhleb
Nemelex Xobeh
Yredelemnul

Annotations:
D:5 Eustachio


Innate Abilities, Weirdness & Mutations

You are partially covered in thin metallic scales (AC +2).
You are very dopey. (Int -4)


Message History

The bat hits you but does no damage. x3
Eustachio mumbles some strange words.
Eustachio blinks!
Your shield prevents you from hitting the bat.
The bat hits you.
* * * LOW HITPOINT WARNING * * *
You swing at nothing.
You block the bat's attack. The bat hits you but does no damage.
Eustachio gestures wildly while chanting.
You slash the bat!
You kill the bat!
The bat's corpse disappears in a puff of smoke!
Eustachio casts a spell.
The bat hits you but does no damage.
Your plate armour prevents you from hitting the bat.
You block the bat's attack.
Eustachio zaps a wand.
The magic dart hits you!
* * * LOW HITPOINT WARNING * * *
Your shield and plate armour prevent you from hitting the iron imp.
The iron imp hits you.
You die...

#.........# ##..#####.#
#........# #.######## #.#
########.###########
...................#
#######...########.#
#.....# #.@5@#
##...#####.##b#######
#.....#....@#......#
#.....#.....#......#
#.....##...##......##
####
#......#...#........#
..###......##.##......#.#
#.##.###....#.#....####.#
###.#....###.+####.### r#


You could see Eustachio, an iron imp and a bat.

Vanquished Creatures
  Grinder (D:3)
  Edmund (D:4)
  The ghost of kae the Firebug, an amateur TeFE (D:3)
  A sky beast (D:5)
  2 ice beasts (D:5)
  An ogre (D:5)
  2 centaurs (D:5)
  A scorpion (D:5)
  3 hounds
  2 orc wizards
  An orc priest (D:4)
  A jelly (D:5)
  Jessica (D:3)
  An iguana (D:5)
  Ijyb (D:3)
  A worker ant (D:4)
  An adder (D:3)
  An adder skeleton (D:4)
  4 worms
  3 giant geckos (D:1)
  19 orcs
  8 bats
  A giant cockroach (D:4)
  8 goblins
  4 hobgoblins (D:3)
  2 jackals (D:1)
  2 quokkas (D:3)
  2 ball pythons (D:4)
  A giant cockroach zombie (D:5)
  12 giant newts
  5 kobolds
  5 rats
99 creatures vanquished.

Notes
Turn   | Place    | Note
--------------------------------------------------------------
     0 | D:1      | inmateoo the High Elf Fighter began the quest for the Orb.
     0 | D:1      | Reached XP level 1. HP: 16/16 MP: 2/2
   301 | D:1      | Reached XP level 2. HP: 10/21 MP: 3/3
   879 | D:2      | Reached XP level 3. HP: 18/26 MP: 4/4
  1133 | D:2      | Gained mutation: You are dopey. (Int -2) [potion of mutation]
  1133 | D:2      | Gained mutation: You are very dopey. (Int -4) [potion of mutation]
  1133 | D:2      | Gained mutation: You are partially covered in thin metallic scales (AC +2). [potion of mutation]
  1360 | D:2      | Found a burning altar of Makhleb.
  1404 | D:2      | Became a worshipper of Makhleb the Destroyer
  1564 | D:2      | Found a white marble altar of Elyvilon.
  1660 | D:2      | Found a basalt altar of Yredelemnul.
  1768 | D:3      | Noticed kae's ghost (amateur TeFE)
  1785 | D:3      | Killed kae's ghost
  1785 | D:3      | Reached skill level 4 in Long Blades
  1785 | D:3      | Reached XP level 4. HP: 25/32 MP: 5/5
  1785 | D:3      | Reached XP level 5. HP: 28/36 MP: 6/6
  1834 | D:3      | Noticed Grinder
  1835 | D:3      | Paralysed by Grinder for 3 turns
  1852 | D:3      | Paralysed by Grinder for 3 turns
  1856 | D:3      | Killed Grinder
  1856 | D:3      | Reached skill level 5 in Long Blades
  1856 | D:3      | Reached XP level 6. HP: 43/43 MP: 7/7
  2092 | D:3      | Reached * piety under Makhleb
  2200 | D:3      | Noticed Ijyb
  2216 | D:3      | Killed Ijyb
  2265 | D:3      | Noticed Jessica
  2281 | D:3      | Killed Jessica
  2677 | D:4      | Found a staircase to the Ecumenical Temple.
  2697 | D:4      | Reached skill level 1 in Evocations
  2820 | D:4      | HP: 2/44 [poisoned by an orc wizard]
  2850 | D:4      | Reached XP level 7. HP: 26/49 MP: 8/8
  2856 | D:4      | Reached skill level 6 in Long Blades
  3136 | D:4      | Reached ** piety under Makhleb
  3326 | D:4      | Noticed Edmund
  3346 | D:4      | Killed Edmund
  3427 | D:5      | Entered Level 5 of the Dungeon
  3607 | D:5      | Reached skill level 5 in Fighting
  3607 | D:5      | Reached skill level 7 in Long Blades
  3607 | D:5      | Reached XP level 8. HP: 41/55 MP: 10/10
  3707 | D:5      | Found a sparkling altar of Nemelex Xobeh.
  3851 | D:5      | Found a shattered altar of Ashenzari.
  4271 | D:5      | Noticed Eustachio
  4324 | D:5      | HP: 2/56 [Eustachio/wand of magic darts (4)]
  4341 | D:5      | Slain by an iron imp

Vault maps used:
D:1:      eino_arrival_tree_alley, minmay_lizard_king
D:2:      yredelemnul_altar_generic, lemuel_round_altar,
          overflow_temple_1_default
D:3:      uniq_grinder, uniq_iyjb, uniq_jessica
D:4:      temple_pool_b, uniq_edmund
D:5:      nicolae_ashenzari_panopticon, first_bread, basic_altar, uniq_eustachio

Action                   |  1- 3 |  4- 6 |  7- 9 || total
-------------------------+-------+-------+-------++-------
Melee: Long sword        |   156 |   181 |   246 ||   583
Evoke: Wand              |       |     2 |     3 ||     5
  Use: Scroll            |     5 |     4 |     6 ||    15
       Potion            |     1 |     4 |     1 ||     6
 Stab: Paralysed         |       |       |     5 ||     5
  Eat: Chunk             |     2 |     5 |     4 ||    11
